%YAML 1.1
%TAG !u! tag:unity3d.com,2011:
--- !u!1 &5511152680215938322
GameObject:
  m_ObjectHideFlags: 0
  m_CorrespondingSourceObject: {fileID: 0}
  m_PrefabInstance: {fileID: 0}
  m_PrefabAsset: {fileID: 0}
  serializedVersion: 6
  m_Component:
  - component: {fileID: 4163048045398023244}
  m_Layer: 0
  m_Name: Table_Cuisine
  m_TagString: Untagged
  m_Icon: {fileID: 0}
  m_NavMeshLayer: 0
  m_StaticEditorFlags: 4294967295
  m_IsActive: 1
--- !u!4 &4163048045398023244
Transform:
  m_ObjectHideFlags: 0
  m_CorrespondingSourceObject: {fileID: 0}
  m_PrefabInstance: {fileID: 0}
  m_PrefabAsset: {fileID: 0}
  m_GameObject: {fileID: 5511152680215938322}
  m_LocalRotation: {x: 0, y: 0, z: 0, w: 1}
  m_LocalPosition: {x: -1.1617868, y: 1.6442285, z: -0.75395334}
  m_LocalScale: {x: 1, y: 1, z: 1}
  m_Children:
  - {fileID: 4834189303684663761}
  - {fileID: 4834189304550101492}
  - {fileID: 4834189304047281973}
  - {fileID: 6564410244154016755}
  - {fileID: 5018589804427604830}
  - {fileID: 6264697357002854841}
  - {fileID: 2023604160613326541}
  - {fileID: 2366073626724375833}
  - {fileID: 4999894923576151993}
  - {fileID: 5704087424699081681}
  - {fileID: 6463901029545233657}
  - {fileID: 1664741121833503634}
  - {fileID: 6799029930560345886}
  m_Father: {fileID: 0}
  m_RootOrder: 0
  m_LocalEulerAnglesHint: {x: 0, y: 0, z: 0}
--- !u!1001 &2422807287389690829
PrefabInstance:
  m_ObjectHideFlags: 0
  serializedVersion: 2
  m_Modification:
    m_TransformParent: {fileID: 4163048045398023244}
    m_Modifications:
    - target: {fileID: 762040890635252206, guid: f0bbe4b91f4cbbf44a7cbdcc1cc8a93d,
        type: 3}
      propertyPath: m_StaticEditorFlags
      value: 4294967295
      objectReference: {fileID: 0}
    - target: {fileID: 967950619586233989, guid: f0bbe4b91f4cbbf44a7cbdcc1cc8a93d,
        type: 3}
      propertyPath: m_StaticEditorFlags
      value: 4294967295
      objectReference: {fileID: 0}
    - target: {fileID: 1350092690793621140, guid: f0bbe4b91f4cbbf44a7cbdcc1cc8a93d,
        type: 3}
      propertyPath: m_StaticEditorFlags
      value: 4294967295
      objectReference: {fileID: 0}
    - target: {fileID: 3605031233710048190, guid: f0bbe4b91f4cbbf44a7cbdcc1cc8a93d,
        type: 3}
      propertyPath: m_Name
      value: Panier_Pomme
      objectReference: {fileID: 0}
    - target: {fileID: 3605031233710048190, guid: f0bbe4b91f4cbbf44a7cbdcc1cc8a93d,
        type: 3}
      propertyPath: m_StaticEditorFlags
      value: 4294967295
      objectReference: {fileID: 0}
    - target: {fileID: 4276659236408964977, guid: f0bbe4b91f4cbbf44a7cbdcc1cc8a93d,
        type: 3}
      propertyPath: m_StaticEditorFlags
      value: 4294967295
      objectReference: {fileID: 0}
    - target: {fileID: 4815976266610777231, guid: f0bbe4b91f4cbbf44a7cbdcc1cc8a93d,
        type: 3}
      propertyPath: m_LocalPosition.x
      value: 0.243
      objectReference: {fileID: 0}
    - target: {fileID: 4815976266610777231, guid: f0bbe4b91f4cbbf44a7cbdcc1cc8a93d,
        type: 3}
      propertyPath: m_LocalPosition.z
      value: -0.155
      objectReference: {fileID: 0}
    - target: {fileID: 5304704114523653685, guid: f0bbe4b91f4cbbf44a7cbdcc1cc8a93d,
        type: 3}
      propertyPath: m_StaticEditorFlags
      value: 4294967295
      objectReference: {fileID: 0}
    - target: {fileID: 8246411703109995805, guid: f0bbe4b91f4cbbf44a7cbdcc1cc8a93d,
        type: 3}
      propertyPath: m_StaticEditorFlags
      value: 4294967295
      objectReference: {fileID: 0}
    - target: {fileID: 8363269108176036737, guid: f0bbe4b91f4cbbf44a7cbdcc1cc8a93d,
        type: 3}
      propertyPath: m_StaticEditorFlags
      value: 4294967295
      objectReference: {fileID: 0}
    - target: {fileID: 8458269582271503597, guid: f0bbe4b91f4cbbf44a7cbdcc1cc8a93d,
        type: 3}
      propertyPath: m_StaticEditorFlags
      value: 4294967295
      objectReference: {fileID: 0}
    - target: {fileID: 8606140748098488948, guid: f0bbe4b91f4cbbf44a7cbdcc1cc8a93d,
        type: 3}
      propertyPath: m_LocalPosition.x
      value: 0.243
      objectReference: {fileID: 0}
    - target: {fileID: 8606140748098488948, guid: f0bbe4b91f4cbbf44a7cbdcc1cc8a93d,
        type: 3}
      propertyPath: m_LocalPosition.y
      value: -1.242
      objectReference: {fileID: 0}
    - target: {fileID: 8606140748098488948, guid: f0bbe4b91f4cbbf44a7cbdcc1cc8a93d,
        type: 3}
      propertyPath: m_LocalPosition.z
      value: 0.239
      objectReference: {fileID: 0}
    - target: {fileID: 8606140748098488948, guid: f0bbe4b91f4cbbf44a7cbdcc1cc8a93d,
        type: 3}
      propertyPath: m_LocalRotation.x
      value: -0
      objectReference: {fileID: 0}
    - target: {fileID: 8606140748098488948, guid: f0bbe4b91f4cbbf44a7cbdcc1cc8a93d,
        type: 3}
      propertyPath: m_LocalRotation.y
      value: -0
      objectReference: {fileID: 0}
    - target: {fileID: 8606140748098488948, guid: f0bbe4b91f4cbbf44a7cbdcc1cc8a93d,
        type: 3}
      propertyPath: m_LocalRotation.z
      value: -0
      objectReference: {fileID: 0}
    - target: {fileID: 8606140748098488948, guid: f0bbe4b91f4cbbf44a7cbdcc1cc8a93d,
        type: 3}
      propertyPath: m_LocalRotation.w
      value: 1
      objectReference: {fileID: 0}
    - target: {fileID: 8606140748098488948, guid: f0bbe4b91f4cbbf44a7cbdcc1cc8a93d,
        type: 3}
      propertyPath: m_RootOrder
      value: 5
      objectReference: {fileID: 0}
    - target: {fileID: 8606140748098488948, guid: f0bbe4b91f4cbbf44a7cbdcc1cc8a93d,
        type: 3}
      propertyPath: m_LocalEulerAnglesHint.x
      value: 0
      objectReference: {fileID: 0}
    - target: {fileID: 8606140748098488948, guid: f0bbe4b91f4cbbf44a7cbdcc1cc8a93d,
        type: 3}
      propertyPath: m_LocalEulerAnglesHint.y
      value: 0
      objectReference: {fileID: 0}
    - target: {fileID: 8606140748098488948, guid: f0bbe4b91f4cbbf44a7cbdcc1cc8a93d,
        type: 3}
      propertyPath: m_LocalEulerAnglesHint.z
      value: 0
      objectReference: {fileID: 0}
    m_RemovedComponents: []
  m_SourcePrefab: {fileID: 100100000, guid: f0bbe4b91f4cbbf44a7cbdcc1cc8a93d, type: 3}
--- !u!4 &6264697357002854841 stripped
Transform:
  m_CorrespondingSourceObject: {fileID: 8606140748098488948, guid: f0bbe4b91f4cbbf44a7cbdcc1cc8a93d,
    type: 3}
  m_PrefabInstance: {fileID: 2422807287389690829}
  m_PrefabAsset: {fileID: 0}
--- !u!1001 &4126706730182422939
PrefabInstance:
  m_ObjectHideFlags: 0
  serializedVersion: 2
  m_Modification:
    m_TransformParent: {fileID: 4163048045398023244}
    m_Modifications:
    - target: {fileID: 2180875554995804655, guid: f6acacc36d778dc4db506edd7303ccbb,
        type: 3}
      propertyPath: m_StaticEditorFlags
      value: 4294967295
      objectReference: {fileID: 0}
    - target: {fileID: 2451577661757974596, guid: f6acacc36d778dc4db506edd7303ccbb,
        type: 3}
      propertyPath: m_StaticEditorFlags
      value: 4294967295
      objectReference: {fileID: 0}
    - target: {fileID: 2688728877351612246, guid: f6acacc36d778dc4db506edd7303ccbb,
        type: 3}
      propertyPath: m_LocalPosition.x
      value: 1.620912
      objectReference: {fileID: 0}
    - target: {fileID: 2688728877351612246, guid: f6acacc36d778dc4db506edd7303ccbb,
        type: 3}
      propertyPath: m_LocalPosition.y
      value: -0.9169968
      objectReference: {fileID: 0}
    - target: {fileID: 2688728877351612246, guid: f6acacc36d778dc4db506edd7303ccbb,
        type: 3}
      propertyPath: m_LocalPosition.z
      value: -0.68575
      objectReference: {fileID: 0}
    - target: {fileID: 2688728877351612246, guid: f6acacc36d778dc4db506edd7303ccbb,
        type: 3}
      propertyPath: m_LocalRotation.x
      value: -0
      objectReference: {fileID: 0}
    - target: {fileID: 2688728877351612246, guid: f6acacc36d778dc4db506edd7303ccbb,
        type: 3}
      propertyPath: m_LocalRotation.y
      value: -0
      objectReference: {fileID: 0}
    - target: {fileID: 2688728877351612246, guid: f6acacc36d778dc4db506edd7303ccbb,
        type: 3}
      propertyPath: m_LocalRotation.z
      value: -0
      objectReference: {fileID: 0}
    - target: {fileID: 2688728877351612246, guid: f6acacc36d778dc4db506edd7303ccbb,
        type: 3}
      propertyPath: m_LocalRotation.w
      value: 1
      objectReference: {fileID: 0}
    - target: {fileID: 2688728877351612246, guid: f6acacc36d778dc4db506edd7303ccbb,
        type: 3}
      propertyPath: m_RootOrder
      value: 6
      objectReference: {fileID: 0}
    - target: {fileID: 2688728877351612246, guid: f6acacc36d778dc4db506edd7303ccbb,
        type: 3}
      propertyPath: m_LocalEulerAnglesHint.x
      value: 0
      objectReference: {fileID: 0}
    - target: {fileID: 2688728877351612246, guid: f6acacc36d778dc4db506edd7303ccbb,
        type: 3}
      propertyPath: m_LocalEulerAnglesHint.y
      value: 0
      objectReference: {fileID: 0}
    - target: {fileID: 2688728877351612246, guid: f6acacc36d778dc4db506edd7303ccbb,
        type: 3}
      propertyPath: m_LocalEulerAnglesHint.z
      value: 0
      objectReference: {fileID: 0}
    - target: {fileID: 2790293225935767638, guid: f6acacc36d778dc4db506edd7303ccbb,
        type: 3}
      propertyPath: m_StaticEditorFlags
      value: 4294967295
      objectReference: {fileID: 0}
    - target: {fileID: 3109089163809209068, guid: f6acacc36d778dc4db506edd7303ccbb,
        type: 3}
      propertyPath: m_Name
      value: Panier_Poire
      objectReference: {fileID: 0}
    - target: {fileID: 3109089163809209068, guid: f6acacc36d778dc4db506edd7303ccbb,
        type: 3}
      propertyPath: m_StaticEditorFlags
      value: 4294967295
      objectReference: {fileID: 0}
    - target: {fileID: 6196394068841048076, guid: f6acacc36d778dc4db506edd7303ccbb,
        type: 3}
      propertyPath: m_StaticEditorFlags
      value: 4294967295
      objectReference: {fileID: 0}
    - target: {fileID: 6767364224223938584, guid: f6acacc36d778dc4db506edd7303ccbb,
        type: 3}
      propertyPath: m_StaticEditorFlags
      value: 4294967295
      objectReference: {fileID: 0}
    - target: {fileID: 7180785793607036424, guid: f6acacc36d778dc4db506edd7303ccbb,
        type: 3}
      propertyPath: m_StaticEditorFlags
      value: 4294967295
      objectReference: {fileID: 0}
    - target: {fileID: 7657052869757825280, guid: f6acacc36d778dc4db506edd7303ccbb,
        type: 3}
      propertyPath: m_StaticEditorFlags
      value: 4294967295
      objectReference: {fileID: 0}
    - target: {fileID: 8149453516127657038, guid: f6acacc36d778dc4db506edd7303ccbb,
        type: 3}
      propertyPath: m_StaticEditorFlags
      value: 4294967295
      objectReference: {fileID: 0}
    - target: {fileID: 8809588542826252044, guid: f6acacc36d778dc4db506edd7303ccbb,
        type: 3}
      propertyPath: m_StaticEditorFlags
      value: 4294967295
      objectReference: {fileID: 0}
    - target: {fileID: 9179409425203549643, guid: f6acacc36d778dc4db506edd7303ccbb,
        type: 3}
      propertyPath: m_StaticEditorFlags
      value: 4294967295
      objectReference: {fileID: 0}
    m_RemovedComponents: []
  m_SourcePrefab: {fileID: 100100000, guid: f6acacc36d778dc4db506edd7303ccbb, type: 3}
--- !u!4 &2023604160613326541 stripped
Transform:
  m_CorrespondingSourceObject: {fileID: 2688728877351612246, guid: f6acacc36d778dc4db506edd7303ccbb,
    type: 3}
  m_PrefabInstance: {fileID: 4126706730182422939}
  m_PrefabAsset: {fileID: 0}
--- !u!1001 &4135079647103080493
PrefabInstance:
  m_ObjectHideFlags: 0
  serializedVersion: 2
  m_Modification:
    m_TransformParent: {fileID: 4163048045398023244}
    m_Modifications:
    - target: {fileID: 7299182040620644750, guid: 5655c75b06fea184da8eed4d0bf314bc,
        type: 3}
      propertyPath: m_Name
      value: Gateau_Intercation
      objectReference: {fileID: 0}
    - target: {fileID: 8935688077340301204, guid: 5655c75b06fea184da8eed4d0bf314bc,
        type: 3}
      propertyPath: m_LocalPosition.x
      value: 1.0488977
      objectReference: {fileID: 0}
    - target: {fileID: 8935688077340301204, guid: 5655c75b06fea184da8eed4d0bf314bc,
        type: 3}
      propertyPath: m_LocalPosition.y
      value: -1.1718419
      objectReference: {fileID: 0}
    - target: {fileID: 8935688077340301204, guid: 5655c75b06fea184da8eed4d0bf314bc,
        type: 3}
      propertyPath: m_LocalPosition.z
      value: 0.15135324
      objectReference: {fileID: 0}
    - target: {fileID: 8935688077340301204, guid: 5655c75b06fea184da8eed4d0bf314bc,
        type: 3}
      propertyPath: m_LocalRotation.x
      value: -0
      objectReference: {fileID: 0}
    - target: {fileID: 8935688077340301204, guid: 5655c75b06fea184da8eed4d0bf314bc,
        type: 3}
      propertyPath: m_LocalRotation.y
      value: -0
      objectReference: {fileID: 0}
    - target: {fileID: 8935688077340301204, guid: 5655c75b06fea184da8eed4d0bf314bc,
        type: 3}
      propertyPath: m_LocalRotation.z
      value: -0
      objectReference: {fileID: 0}
    - target: {fileID: 8935688077340301204, guid: 5655c75b06fea184da8eed4d0bf314bc,
        type: 3}
      propertyPath: m_LocalRotation.w
      value: 1
      objectReference: {fileID: 0}
    - target: {fileID: 8935688077340301204, guid: 5655c75b06fea184da8eed4d0bf314bc,
        type: 3}
      propertyPath: m_RootOrder
      value: 8
      objectReference: {fileID: 0}
    - target: {fileID: 8935688077340301204, guid: 5655c75b06fea184da8eed4d0bf314bc,
        type: 3}
      propertyPath: m_LocalEulerAnglesHint.x
      value: 0
      objectReference: {fileID: 0}
    - target: {fileID: 8935688077340301204, guid: 5655c75b06fea184da8eed4d0bf314bc,
        type: 3}
      propertyPath: m_LocalEulerAnglesHint.y
      value: 0
      objectReference: {fileID: 0}
    - target: {fileID: 8935688077340301204, guid: 5655c75b06fea184da8eed4d0bf314bc,
        type: 3}
      propertyPath: m_LocalEulerAnglesHint.z
      value: 0
      objectReference: {fileID: 0}
    m_RemovedComponents:
    - {fileID: 4135079647424573837, guid: 5655c75b06fea184da8eed4d0bf314bc, type: 3}
  m_SourcePrefab: {fileID: 100100000, guid: 5655c75b06fea184da8eed4d0bf314bc, type: 3}
--- !u!4 &4999894923576151993 stripped
Transform:
  m_CorrespondingSourceObject: {fileID: 8935688077340301204, guid: 5655c75b06fea184da8eed4d0bf314bc,
    type: 3}
  m_PrefabInstance: {fileID: 4135079647103080493}
  m_PrefabAsset: {fileID: 0}
--- !u!1001 &4769071947196699829
PrefabInstance:
  m_ObjectHideFlags: 0
  serializedVersion: 2
  m_Modification:
    m_TransformParent: {fileID: 4163048045398023244}
    m_Modifications:
    - target: {fileID: -8679921383154817045, guid: 8177eba07b3ac1d47a9b986279a4e3a5,
        type: 3}
      propertyPath: m_LocalPosition.x
      value: 1.673814
      objectReference: {fileID: 0}
    - target: {fileID: -8679921383154817045, guid: 8177eba07b3ac1d47a9b986279a4e3a5,
        type: 3}
      propertyPath: m_LocalPosition.y
      value: -0.5350001
      objectReference: {fileID: 0}
    - target: {fileID: -8679921383154817045, guid: 8177eba07b3ac1d47a9b986279a4e3a5,
        type: 3}
      propertyPath: m_LocalPosition.z
      value: -0.35219598
      objectReference: {fileID: 0}
    - target: {fileID: -8679921383154817045, guid: 8177eba07b3ac1d47a9b986279a4e3a5,
        type: 3}
      propertyPath: m_LocalRotation.x
      value: -0.075975515
      objectReference: {fileID: 0}
    - target: {fileID: -8679921383154817045, guid: 8177eba07b3ac1d47a9b986279a4e3a5,
        type: 3}
      propertyPath: m_LocalRotation.y
      value: -0.116808556
      objectReference: {fileID: 0}
    - target: {fileID: -8679921383154817045, guid: 8177eba07b3ac1d47a9b986279a4e3a5,
        type: 3}
      propertyPath: m_LocalRotation.z
      value: 0.22065926
      objectReference: {fileID: 0}
    - target: {fileID: -8679921383154817045, guid: 8177eba07b3ac1d47a9b986279a4e3a5,
        type: 3}
      propertyPath: m_LocalRotation.w
      value: 0.96534604
      objectReference: {fileID: 0}
    - target: {fileID: -8679921383154817045, guid: 8177eba07b3ac1d47a9b986279a4e3a5,
        type: 3}
      propertyPath: m_RootOrder
      value: 4
      objectReference: {fileID: 0}
    - target: {fileID: -8679921383154817045, guid: 8177eba07b3ac1d47a9b986279a4e3a5,
        type: 3}
      propertyPath: m_LocalEulerAnglesHint.x
      value: -5.459
      objectReference: {fileID: 0}
    - target: {fileID: -8679921383154817045, guid: 8177eba07b3ac1d47a9b986279a4e3a5,
        type: 3}
      propertyPath: m_LocalEulerAnglesHint.y
      value: -15.084001
      objectReference: {fileID: 0}
    - target: {fileID: -8679921383154817045, guid: 8177eba07b3ac1d47a9b986279a4e3a5,
        type: 3}
      propertyPath: m_LocalEulerAnglesHint.z
      value: 26.474
      objectReference: {fileID: 0}
    - target: {fileID: -7511558181221131132, guid: 8177eba07b3ac1d47a9b986279a4e3a5,
        type: 3}
      propertyPath: m_Materials.Array.data[0]
      value: 
      objectReference: {fileID: 2100000, guid: 4fcc793a2fceb854e99eb500337c2e67, type: 2}
    - target: {fileID: 919132149155446097, guid: 8177eba07b3ac1d47a9b986279a4e3a5,
        type: 3}
      propertyPath: m_Name
      value: Pomme_d_amour (1)
      objectReference: {fileID: 0}
    - target: {fileID: 919132149155446097, guid: 8177eba07b3ac1d47a9b986279a4e3a5,
        type: 3}
      propertyPath: m_StaticEditorFlags
      value: 4294967295
      objectReference: {fileID: 0}
    m_RemovedComponents: []
  m_SourcePrefab: {fileID: 100100000, guid: 8177eba07b3ac1d47a9b986279a4e3a5, type: 3}
--- !u!4 &5018589804427604830 stripped
Transform:
  m_CorrespondingSourceObject: {fileID: -8679921383154817045, guid: 8177eba07b3ac1d47a9b986279a4e3a5,
    type: 3}
  m_PrefabInstance: {fileID: 4769071947196699829}
  m_PrefabAsset: {fileID: 0}
--- !u!1001 &4944043035346269727
PrefabInstance:
  m_ObjectHideFlags: 0
  serializedVersion: 2
  m_Modification:
    m_TransformParent: {fileID: 4163048045398023244}
    m_Modifications:
    - target: {fileID: -8679921383154817045, guid: e6151ab660b39294eafabe764b085820,
        type: 3}
      propertyPath: m_LocalPosition.x
      value: -0.725
      objectReference: {fileID: 0}
    - target: {fileID: -8679921383154817045, guid: e6151ab660b39294eafabe764b085820,
        type: 3}
      propertyPath: m_LocalPosition.y
      value: -0.974
      objectReference: {fileID: 0}
    - target: {fileID: -8679921383154817045, guid: e6151ab660b39294eafabe764b085820,
        type: 3}
      propertyPath: m_LocalPosition.z
      value: 0.584
      objectReference: {fileID: 0}
    - target: {fileID: -8679921383154817045, guid: e6151ab660b39294eafabe764b085820,
        type: 3}
      propertyPath: m_LocalRotation.x
      value: -0.6448026
      objectReference: {fileID: 0}
    - target: {fileID: -8679921383154817045, guid: e6151ab660b39294eafabe764b085820,
        type: 3}
      propertyPath: m_LocalRotation.y
      value: 0.66261643
      objectReference: {fileID: 0}
    - target: {fileID: -8679921383154817045, guid: e6151ab660b39294eafabe764b085820,
        type: 3}
      propertyPath: m_LocalRotation.z
      value: 0.10063131
      objectReference: {fileID: 0}
    - target: {fileID: -8679921383154817045, guid: e6151ab660b39294eafabe764b085820,
        type: 3}
      propertyPath: m_LocalRotation.w
      value: -0.36748144
      objectReference: {fileID: 0}
    - target: {fileID: -8679921383154817045, guid: e6151ab660b39294eafabe764b085820,
        type: 3}
      propertyPath: m_RootOrder
      value: 1
      objectReference: {fileID: 0}
    - target: {fileID: -8679921383154817045, guid: e6151ab660b39294eafabe764b085820,
        type: 3}
      propertyPath: m_LocalEulerAnglesHint.x
      value: 19.910002
      objectReference: {fileID: 0}
    - target: {fileID: -8679921383154817045, guid: e6151ab660b39294eafabe764b085820,
        type: 3}
      propertyPath: m_LocalEulerAnglesHint.y
      value: 220.99399
      objectReference: {fileID: 0}
    - target: {fileID: -8679921383154817045, guid: e6151ab660b39294eafabe764b085820,
        type: 3}
      propertyPath: m_LocalEulerAnglesHint.z
      value: -80.93101
      objectReference: {fileID: 0}
    - target: {fileID: -7511558181221131132, guid: e6151ab660b39294eafabe764b085820,
        type: 3}
      propertyPath: m_Materials.Array.data[0]
      value: 
      objectReference: {fileID: 2100000, guid: 0577567df0e0680458432447e9b06dae, type: 2}
    - target: {fileID: 919132149155446097, guid: e6151ab660b39294eafabe764b085820,
        type: 3}
      propertyPath: m_Name
      value: Potion_04
      objectReference: {fileID: 0}
    - target: {fileID: 919132149155446097, guid: e6151ab660b39294eafabe764b085820,
        type: 3}
      propertyPath: m_StaticEditorFlags
      value: 4294967295
      objectReference: {fileID: 0}
    m_RemovedComponents: []
  m_SourcePrefab: {fileID: 100100000, guid: e6151ab660b39294eafabe764b085820, type: 3}
--- !u!4 &4834189304550101492 stripped
Transform:
  m_CorrespondingSourceObject: {fileID: -8679921383154817045, guid: e6151ab660b39294eafabe764b085820,
    type: 3}
  m_PrefabInstance: {fileID: 4944043035346269727}
  m_PrefabAsset: {fileID: 0}
--- !u!1001 &4944043035849015518
PrefabInstance:
  m_ObjectHideFlags: 0
  serializedVersion: 2
  m_Modification:
    m_TransformParent: {fileID: 4163048045398023244}
    m_Modifications:
    - target: {fileID: -8679921383154817045, guid: 8177eba07b3ac1d47a9b986279a4e3a5,
        type: 3}
      propertyPath: m_LocalPosition.x
      value: 1.449
      objectReference: {fileID: 0}
    - target: {fileID: -8679921383154817045, guid: 8177eba07b3ac1d47a9b986279a4e3a5,
        type: 3}
      propertyPath: m_LocalPosition.y
      value: -0.5512284
      objectReference: {fileID: 0}
    - target: {fileID: -8679921383154817045, guid: 8177eba07b3ac1d47a9b986279a4e3a5,
        type: 3}
      propertyPath: m_LocalPosition.z
      value: -0.448
      objectReference: {fileID: 0}
    - target: {fileID: -8679921383154817045, guid: 8177eba07b3ac1d47a9b986279a4e3a5,
        type: 3}
      propertyPath: m_LocalRotation.x
      value: -0
      objectReference: {fileID: 0}
    - target: {fileID: -8679921383154817045, guid: 8177eba07b3ac1d47a9b986279a4e3a5,
        type: 3}
      propertyPath: m_LocalRotation.y
      value: -0.13125099
      objectReference: {fileID: 0}
    - target: {fileID: -8679921383154817045, guid: 8177eba07b3ac1d47a9b986279a4e3a5,
        type: 3}
      propertyPath: m_LocalRotation.z
      value: -0
      objectReference: {fileID: 0}
    - target: {fileID: -8679921383154817045, guid: 8177eba07b3ac1d47a9b986279a4e3a5,
        type: 3}
      propertyPath: m_LocalRotation.w
      value: 0.99134916
      objectReference: {fileID: 0}
    - target: {fileID: -8679921383154817045, guid: 8177eba07b3ac1d47a9b986279a4e3a5,
        type: 3}
      propertyPath: m_RootOrder
      value: 2
      objectReference: {fileID: 0}
    - target: {fileID: -8679921383154817045, guid: 8177eba07b3ac1d47a9b986279a4e3a5,
        type: 3}
      propertyPath: m_LocalEulerAnglesHint.x
      value: 0
      objectReference: {fileID: 0}
    - target: {fileID: -8679921383154817045, guid: 8177eba07b3ac1d47a9b986279a4e3a5,
        type: 3}
      propertyPath: m_LocalEulerAnglesHint.y
      value: -15.084001
      objectReference: {fileID: 0}
    - target: {fileID: -8679921383154817045, guid: 8177eba07b3ac1d47a9b986279a4e3a5,
        type: 3}
      propertyPath: m_LocalEulerAnglesHint.z
      value: 0
      objectReference: {fileID: 0}
    - target: {fileID: -7511558181221131132, guid: 8177eba07b3ac1d47a9b986279a4e3a5,
        type: 3}
      propertyPath: m_Materials.Array.data[0]
      value: 
      objectReference: {fileID: 2100000, guid: 4fcc793a2fceb854e99eb500337c2e67, type: 2}
    - target: {fileID: 919132149155446097, guid: 8177eba07b3ac1d47a9b986279a4e3a5,
        type: 3}
      propertyPath: m_Name
      value: Pomme_d_amour
      objectReference: {fileID: 0}
    - target: {fileID: 919132149155446097, guid: 8177eba07b3ac1d47a9b986279a4e3a5,
        type: 3}
      propertyPath: m_StaticEditorFlags
      value: 4294967295
      objectReference: {fileID: 0}
    m_RemovedComponents: []
  m_SourcePrefab: {fileID: 100100000, guid: 8177eba07b3ac1d47a9b986279a4e3a5, type: 3}
--- !u!4 &4834189304047281973 stripped
Transform:
  m_CorrespondingSourceObject: {fileID: -8679921383154817045, guid: 8177eba07b3ac1d47a9b986279a4e3a5,
    type: 3}
  m_PrefabInstance: {fileID: 4944043035849015518}
  m_PrefabAsset: {fileID: 0}
--- !u!1001 &4944043036245192250
PrefabInstance:
  m_ObjectHideFlags: 0
  serializedVersion: 2
  m_Modification:
    m_TransformParent: {fileID: 4163048045398023244}
    m_Modifications:
    - target: {fileID: -8679921383154817045, guid: 4f880261c22bcce48ab251dcfbc19e1a,
        type: 3}
      propertyPath: m_LocalPosition.x
      value: 0.392
      objectReference: {fileID: 0}
    - target: {fileID: -8679921383154817045, guid: 4f880261c22bcce48ab251dcfbc19e1a,
        type: 3}
      propertyPath: m_LocalPosition.y
      value: -0.54947
      objectReference: {fileID: 0}
    - target: {fileID: -8679921383154817045, guid: 4f880261c22bcce48ab251dcfbc19e1a,
        type: 3}
      propertyPath: m_LocalPosition.z
      value: 0.042
      objectReference: {fileID: 0}
    - target: {fileID: -8679921383154817045, guid: 4f880261c22bcce48ab251dcfbc19e1a,
        type: 3}
      propertyPath: m_LocalRotation.x
      value: -0
      objectReference: {fileID: 0}
    - target: {fileID: -8679921383154817045, guid: 4f880261c22bcce48ab251dcfbc19e1a,
        type: 3}
      propertyPath: m_LocalRotation.y
      value: -0
      objectReference: {fileID: 0}
    - target: {fileID: -8679921383154817045, guid: 4f880261c22bcce48ab251dcfbc19e1a,
        type: 3}
      propertyPath: m_LocalRotation.z
      value: -0
      objectReference: {fileID: 0}
    - target: {fileID: -8679921383154817045, guid: 4f880261c22bcce48ab251dcfbc19e1a,
        type: 3}
      propertyPath: m_LocalRotation.w
      value: 1
      objectReference: {fileID: 0}
    - target: {fileID: -8679921383154817045, guid: 4f880261c22bcce48ab251dcfbc19e1a,
        type: 3}
      propertyPath: m_RootOrder
      value: 0
      objectReference: {fileID: 0}
    - target: {fileID: -8679921383154817045, guid: 4f880261c22bcce48ab251dcfbc19e1a,
        type: 3}
      propertyPath: m_LocalEulerAnglesHint.x
      value: 0
      objectReference: {fileID: 0}
    - target: {fileID: -8679921383154817045, guid: 4f880261c22bcce48ab251dcfbc19e1a,
        type: 3}
      propertyPath: m_LocalEulerAnglesHint.y
      value: 0
      objectReference: {fileID: 0}
    - target: {fileID: -8679921383154817045, guid: 4f880261c22bcce48ab251dcfbc19e1a,
        type: 3}
      propertyPath: m_LocalEulerAnglesHint.z
      value: 0
      objectReference: {fileID: 0}
    - target: {fileID: -8679921383154817045, guid: 4f880261c22bcce48ab251dcfbc19e1a,
        type: 3}
      propertyPath: m_LocalScale.x
      value: 0.0061066397
      objectReference: {fileID: 0}
    - target: {fileID: -8679921383154817045, guid: 4f880261c22bcce48ab251dcfbc19e1a,
        type: 3}
      propertyPath: m_LocalScale.y
      value: 0.00029913778
      objectReference: {fileID: 0}
    - target: {fileID: -8679921383154817045, guid: 4f880261c22bcce48ab251dcfbc19e1a,
        type: 3}
      propertyPath: m_LocalScale.z
      value: 0.003664892
      objectReference: {fileID: 0}
    - target: {fileID: -7511558181221131132, guid: 4f880261c22bcce48ab251dcfbc19e1a,
        type: 3}
      propertyPath: m_Materials.Array.data[0]
      value: 
      objectReference: {fileID: 2100000, guid: c85322c32a51c85488f7b20349aecfb9, type: 2}
    - target: {fileID: 919132149155446097, guid: 4f880261c22bcce48ab251dcfbc19e1a,
        type: 3}
      propertyPath: m_Name
      value: Torchon
      objectReference: {fileID: 0}
    - target: {fileID: 919132149155446097, guid: 4f880261c22bcce48ab251dcfbc19e1a,
        type: 3}
      propertyPath: m_StaticEditorFlags
      value: 4294967295
      objectReference: {fileID: 0}
    m_RemovedComponents: []
  m_SourcePrefab: {fileID: 100100000, guid: 4f880261c22bcce48ab251dcfbc19e1a, type: 3}
--- !u!4 &4834189303684663761 stripped
Transform:
  m_CorrespondingSourceObject: {fileID: -8679921383154817045, guid: 4f880261c22bcce48ab251dcfbc19e1a,
    type: 3}
  m_PrefabInstance: {fileID: 4944043036245192250}
  m_PrefabAsset: {fileID: 0}
--- !u!1001 &4944043036262605423
PrefabInstance:
  m_ObjectHideFlags: 0
  serializedVersion: 2
  m_Modification:
    m_TransformParent: {fileID: 4163048045398023244}
    m_Modifications:
    - target: {fileID: 102175845415868877, guid: d14f3903a78bcd34d8e41fceb380806e,
        type: 3}
      propertyPath: m_Name
      value: Lampe_01
      objectReference: {fileID: 0}
    - target: {fileID: 843362496660832702, guid: d14f3903a78bcd34d8e41fceb380806e,
        type: 3}
      propertyPath: m_LocalPosition.x
      value: 1.416
      objectReference: {fileID: 0}
    - target: {fileID: 843362496660832702, guid: d14f3903a78bcd34d8e41fceb380806e,
        type: 3}
      propertyPath: m_LocalPosition.y
      value: -1.3502284
      objectReference: {fileID: 0}
    - target: {fileID: 843362496660832702, guid: d14f3903a78bcd34d8e41fceb380806e,
        type: 3}
      propertyPath: m_LocalPosition.z
      value: -0.602
      objectReference: {fileID: 0}
    - target: {fileID: 843362496660832702, guid: d14f3903a78bcd34d8e41fceb380806e,
        type: 3}
      propertyPath: m_LocalRotation.x
      value: -0
      objectReference: {fileID: 0}
    - target: {fileID: 843362496660832702, guid: d14f3903a78bcd34d8e41fceb380806e,
        type: 3}
      propertyPath: m_LocalRotation.y
      value: 0.990113
      objectReference: {fileID: 0}
    - target: {fileID: 843362496660832702, guid: d14f3903a78bcd34d8e41fceb380806e,
        type: 3}
      propertyPath: m_LocalRotation.z
      value: -0
      objectReference: {fileID: 0}
    - target: {fileID: 843362496660832702, guid: d14f3903a78bcd34d8e41fceb380806e,
        type: 3}
      propertyPath: m_LocalRotation.w
      value: 0.1402722
      objectReference: {fileID: 0}
    - target: {fileID: 843362496660832702, guid: d14f3903a78bcd34d8e41fceb380806e,
        type: 3}
      propertyPath: m_RootOrder
      value: 9
      objectReference: {fileID: 0}
    - target: {fileID: 843362496660832702, guid: d14f3903a78bcd34d8e41fceb380806e,
        type: 3}
      propertyPath: m_LocalEulerAnglesHint.x
      value: 0
      objectReference: {fileID: 0}
    - target: {fileID: 843362496660832702, guid: d14f3903a78bcd34d8e41fceb380806e,
        type: 3}
      propertyPath: m_LocalEulerAnglesHint.y
      value: 163.873
      objectReference: {fileID: 0}
    - target: {fileID: 843362496660832702, guid: d14f3903a78bcd34d8e41fceb380806e,
        type: 3}
      propertyPath: m_LocalEulerAnglesHint.z
      value: 0
      objectReference: {fileID: 0}
    - target: {fileID: 1728111769557296745, guid: d14f3903a78bcd34d8e41fceb380806e,
        type: 3}
      propertyPath: m_BoundingSphereOverride.y
      value: 0
      objectReference: {fileID: 0}
    - target: {fileID: 1728111769557296745, guid: d14f3903a78bcd34d8e41fceb380806e,
        type: 3}
      propertyPath: m_BoundingSphereOverride.w
      value: 0
      objectReference: {fileID: 0}
    - target: {fileID: 1728111769557296745, guid: d14f3903a78bcd34d8e41fceb380806e,
        type: 3}
      propertyPath: m_Color.r
      value: 0.8396226
      objectReference: {fileID: 0}
    - target: {fileID: 1728111769557296745, guid: d14f3903a78bcd34d8e41fceb380806e,
        type: 3}
      propertyPath: m_Color.g
      value: 0.49418038
      objectReference: {fileID: 0}
    - target: {fileID: 1728111769557296745, guid: d14f3903a78bcd34d8e41fceb380806e,
        type: 3}
      propertyPath: m_Color.b
      value: 0.21782663
      objectReference: {fileID: 0}
    - target: {fileID: 1728111769557296745, guid: d14f3903a78bcd34d8e41fceb380806e,
        type: 3}
      propertyPath: m_Shadows.m_Type
      value: 2
      objectReference: {fileID: 0}
    - target: {fileID: 6560765017863874089, guid: d14f3903a78bcd34d8e41fceb380806e,
        type: 3}
      propertyPath: m_LocalPosition.y
      value: -0.08
      objectReference: {fileID: 0}
    - target: {fileID: 6560765017863874089, guid: d14f3903a78bcd34d8e41fceb380806e,
        type: 3}
      propertyPath: m_LocalScale.x
      value: 0.03270732
      objectReference: {fileID: 0}
    - target: {fileID: 6560765017863874089, guid: d14f3903a78bcd34d8e41fceb380806e,
        type: 3}
      propertyPath: m_LocalScale.y
      value: 0.15433902
      objectReference: {fileID: 0}
    - target: {fileID: 6560765017863874089, guid: d14f3903a78bcd34d8e41fceb380806e,
        type: 3}
      propertyPath: m_LocalScale.z
      value: 0.021775339
      objectReference: {fileID: 0}
    m_RemovedComponents: []
  m_SourcePrefab: {fileID: 100100000, guid: d14f3903a78bcd34d8e41fceb380806e, type: 3}
--- !u!4 &5704087424699081681 stripped
Transform:
  m_CorrespondingSourceObject: {fileID: 843362496660832702, guid: d14f3903a78bcd34d8e41fceb380806e,
    type: 3}
  m_PrefabInstance: {fileID: 4944043036262605423}
  m_PrefabAsset: {fileID: 0}
--- !u!1001 &5358578891344964011
PrefabInstance:
  m_ObjectHideFlags: 0
  serializedVersion: 2
  m_Modification:
    m_TransformParent: {fileID: 4163048045398023244}
    m_Modifications:
    - target: {fileID: 675173311372846839, guid: 0034a0938df42204e9875369759ad68d,
        type: 3}
      propertyPath: m_Name
      value: Panier_Orange
      objectReference: {fileID: 0}
    - target: {fileID: 675173311372846839, guid: 0034a0938df42204e9875369759ad68d,
        type: 3}
      propertyPath: m_StaticEditorFlags
      value: 4294967295
      objectReference: {fileID: 0}
    - target: {fileID: 1166671144032117463, guid: 0034a0938df42204e9875369759ad68d,
        type: 3}
      propertyPath: m_StaticEditorFlags
      value: 4294967295
      objectReference: {fileID: 0}
    - target: {fileID: 2082317227694816697, guid: 0034a0938df42204e9875369759ad68d,
        type: 3}
      propertyPath: m_StaticEditorFlags
      value: 4294967295
      objectReference: {fileID: 0}
    - target: {fileID: 3485918960456614241, guid: 0034a0938df42204e9875369759ad68d,
        type: 3}
      propertyPath: m_StaticEditorFlags
      value: 4294967295
      objectReference: {fileID: 0}
    - target: {fileID: 3955559462875965215, guid: 0034a0938df42204e9875369759ad68d,
        type: 3}
      propertyPath: m_StaticEditorFlags
      value: 4294967295
      objectReference: {fileID: 0}
    - target: {fileID: 6170255614884647737, guid: 0034a0938df42204e9875369759ad68d,
        type: 3}
      propertyPath: m_StaticEditorFlags
      value: 4294967295
      objectReference: {fileID: 0}
    - target: {fileID: 7676531186370770098, guid: 0034a0938df42204e9875369759ad68d,
        type: 3}
      propertyPath: m_LocalPosition.x
      value: 0.891
      objectReference: {fileID: 0}
    - target: {fileID: 7676531186370770098, guid: 0034a0938df42204e9875369759ad68d,
        type: 3}
      propertyPath: m_LocalPosition.y
      value: -0.5674412
      objectReference: {fileID: 0}
    - target: {fileID: 7676531186370770098, guid: 0034a0938df42204e9875369759ad68d,
        type: 3}
      propertyPath: m_LocalPosition.z
      value: -1.198
      objectReference: {fileID: 0}
    - target: {fileID: 7676531186370770098, guid: 0034a0938df42204e9875369759ad68d,
        type: 3}
      propertyPath: m_LocalRotation.x
      value: -0
      objectReference: {fileID: 0}
    - target: {fileID: 7676531186370770098, guid: 0034a0938df42204e9875369759ad68d,
        type: 3}
      propertyPath: m_LocalRotation.y
      value: -0
      objectReference: {fileID: 0}
    - target: {fileID: 7676531186370770098, guid: 0034a0938df42204e9875369759ad68d,
        type: 3}
      propertyPath: m_LocalRotation.z
      value: -0
      objectReference: {fileID: 0}
    - target: {fileID: 7676531186370770098, guid: 0034a0938df42204e9875369759ad68d,
        type: 3}
      propertyPath: m_LocalRotation.w
      value: 1
      objectReference: {fileID: 0}
    - target: {fileID: 7676531186370770098, guid: 0034a0938df42204e9875369759ad68d,
        type: 3}
      propertyPath: m_RootOrder
      value: 7
      objectReference: {fileID: 0}
    - target: {fileID: 7676531186370770098, guid: 0034a0938df42204e9875369759ad68d,
        type: 3}
      propertyPath: m_LocalEulerAnglesHint.x
      value: 0
      objectReference: {fileID: 0}
    - target: {fileID: 7676531186370770098, guid: 0034a0938df42204e9875369759ad68d,
        type: 3}
      propertyPath: m_LocalEulerAnglesHint.y
      value: 0
      objectReference: {fileID: 0}
    - target: {fileID: 7676531186370770098, guid: 0034a0938df42204e9875369759ad68d,
        type: 3}
      propertyPath: m_LocalEulerAnglesHint.z
      value: 0
      objectReference: {fileID: 0}
    - target: {fileID: 7702930311520697807, guid: 0034a0938df42204e9875369759ad68d,
        type: 3}
      propertyPath: m_StaticEditorFlags
      value: 4294967295
      objectReference: {fileID: 0}
    - target: {fileID: 8118588010563759903, guid: 0034a0938df42204e9875369759ad68d,
        type: 3}
      propertyPath: m_StaticEditorFlags
      value: 4294967295
      objectReference: {fileID: 0}
    - target: {fileID: 8404469095086107323, guid: 0034a0938df42204e9875369759ad68d,
        type: 3}
      propertyPath: m_LocalRotation.x
      value: 0.0052825613
      objectReference: {fileID: 0}
    - target: {fileID: 8404469095086107323, guid: 0034a0938df42204e9875369759ad68d,
        type: 3}
      propertyPath: m_LocalRotation.y
      value: -0.76282656
      objectReference: {fileID: 0}
    - target: {fileID: 8404469095086107323, guid: 0034a0938df42204e9875369759ad68d,
        type: 3}
      propertyPath: m_LocalRotation.z
      value: -0.0025749023
      objectReference: {fileID: 0}
    - target: {fileID: 8404469095086107323, guid: 0034a0938df42204e9875369759ad68d,
        type: 3}
      propertyPath: m_LocalRotation.w
      value: 0.64657646
      objectReference: {fileID: 0}
    - target: {fileID: 8404469095086107323, guid: 0034a0938df42204e9875369759ad68d,
        type: 3}
      propertyPath: m_LocalEulerAnglesHint.x
      value: 0.16600001
      objectReference: {fileID: 0}
    - target: {fileID: 8404469095086107323, guid: 0034a0938df42204e9875369759ad68d,
        type: 3}
      propertyPath: m_LocalEulerAnglesHint.y
      value: -99.43101
      objectReference: {fileID: 0}
    - target: {fileID: 8404469095086107323, guid: 0034a0938df42204e9875369759ad68d,
        type: 3}
      propertyPath: m_LocalEulerAnglesHint.z
      value: -0.65300006
      objectReference: {fileID: 0}
    - target: {fileID: 8404469095086107323, guid: 0034a0938df42204e9875369759ad68d,
        type: 3}
      propertyPath: m_LocalPosition.z
      value: 0.939
      objectReference: {fileID: 0}
    - target: {fileID: 9217035209372561409, guid: 0034a0938df42204e9875369759ad68d,
        type: 3}
      propertyPath: m_StaticEditorFlags
      value: 4294967295
      objectReference: {fileID: 0}
    m_RemovedComponents: []
  m_SourcePrefab: {fileID: 100100000, guid: 0034a0938df42204e9875369759ad68d, type: 3}
--- !u!4 &2366073626724375833 stripped
Transform:
  m_CorrespondingSourceObject: {fileID: 7676531186370770098, guid: 0034a0938df42204e9875369759ad68d,
    type: 3}
  m_PrefabInstance: {fileID: 5358578891344964011}
  m_PrefabAsset: {fileID: 0}
--- !u!1001 &6670887864097645592
PrefabInstance:
  m_ObjectHideFlags: 0
  serializedVersion: 2
  m_Modification:
    m_TransformParent: {fileID: 4163048045398023244}
    m_Modifications:
    - target: {fileID: -8679921383154817045, guid: 93ffe0215e02d5649b6f52c5ebc295a5,
        type: 3}
      propertyPath: m_LocalPosition.x
      value: 0.961
      objectReference: {fileID: 0}
    - target: {fileID: -8679921383154817045, guid: 93ffe0215e02d5649b6f52c5ebc295a5,
        type: 3}
      propertyPath: m_LocalPosition.y
      value: -0.53
      objectReference: {fileID: 0}
    - target: {fileID: -8679921383154817045, guid: 93ffe0215e02d5649b6f52c5ebc295a5,
        type: 3}
      propertyPath: m_LocalPosition.z
      value: -0.27
      objectReference: {fileID: 0}
    - target: {fileID: -8679921383154817045, guid: 93ffe0215e02d5649b6f52c5ebc295a5,
        type: 3}
      propertyPath: m_LocalRotation.x
      value: 0.2614573
      objectReference: {fileID: 0}
    - target: {fileID: -8679921383154817045, guid: 93ffe0215e02d5649b6f52c5ebc295a5,
        type: 3}
      propertyPath: m_LocalRotation.y
      value: -0.6569932
      objectReference: {fileID: 0}
    - target: {fileID: -8679921383154817045, guid: 93ffe0215e02d5649b6f52c5ebc295a5,
        type: 3}
      propertyPath: m_LocalRotation.z
      value: -0.6569932
      objectReference: {fileID: 0}
    - target: {fileID: -8679921383154817045, guid: 93ffe0215e02d5649b6f52c5ebc295a5,
        type: 3}
      propertyPath: m_LocalRotation.w
      value: -0.2614573
      objectReference: {fileID: 0}
    - target: {fileID: -8679921383154817045, guid: 93ffe0215e02d5649b6f52c5ebc295a5,
        type: 3}
      propertyPath: m_RootOrder
      value: 3
      objectReference: {fileID: 0}
    - target: {fileID: -8679921383154817045, guid: 93ffe0215e02d5649b6f52c5ebc295a5,
        type: 3}
      propertyPath: m_LocalEulerAnglesHint.x
      value: 270
      objectReference: {fileID: 0}
    - target: {fileID: -8679921383154817045, guid: 93ffe0215e02d5649b6f52c5ebc295a5,
        type: 3}
      propertyPath: m_LocalEulerAnglesHint.y
      value: 0
      objectReference: {fileID: 0}
    - target: {fileID: -8679921383154817045, guid: 93ffe0215e02d5649b6f52c5ebc295a5,
        type: 3}
      propertyPath: m_LocalEulerAnglesHint.z
      value: 136.599
      objectReference: {fileID: 0}
    - target: {fileID: -7511558181221131132, guid: 93ffe0215e02d5649b6f52c5ebc295a5,
        type: 3}
      propertyPath: m_Materials.Array.data[0]
      value: 
      objectReference: {fileID: 2100000, guid: 74a961f33a2290a4a84f8e99bb19b226, type: 2}
    - target: {fileID: 919132149155446097, guid: 93ffe0215e02d5649b6f52c5ebc295a5,
        type: 3}
      propertyPath: m_Name
      value: Sucette_1
      objectReference: {fileID: 0}
    - target: {fileID: 919132149155446097, guid: 93ffe0215e02d5649b6f52c5ebc295a5,
        type: 3}
      propertyPath: m_StaticEditorFlags
      value: 4294967295
      objectReference: {fileID: 0}
    m_RemovedComponents: []
  m_SourcePrefab: {fileID: 100100000, guid: 93ffe0215e02d5649b6f52c5ebc295a5, type: 3}
--- !u!4 &6564410244154016755 stripped
Transform:
  m_CorrespondingSourceObject: {fileID: -8679921383154817045, guid: 93ffe0215e02d5649b6f52c5ebc295a5,
    type: 3}
  m_PrefabInstance: {fileID: 6670887864097645592}
  m_PrefabAsset: {fileID: 0}
--- !u!1001 &6756383585250517030
PrefabInstance:
  m_ObjectHideFlags: 0
  serializedVersion: 2
  m_Modification:
    m_TransformParent: {fileID: 4163048045398023244}
    m_Modifications:
    - target: {fileID: 1053330221060007013, guid: 60faa6b99a95c3b45b7242e95b734664,
        type: 3}
      propertyPath: m_CastShadows
      value: 0
      objectReference: {fileID: 0}
    - target: {fileID: 5393383982077062068, guid: 60faa6b99a95c3b45b7242e95b734664,
        type: 3}
      propertyPath: m_LocalPosition.x
      value: 0.2333886
      objectReference: {fileID: 0}
    - target: {fileID: 5393383982077062068, guid: 60faa6b99a95c3b45b7242e95b734664,
        type: 3}
      propertyPath: m_LocalPosition.y
      value: -2.304482
      objectReference: {fileID: 0}
    - target: {fileID: 5393383982077062068, guid: 60faa6b99a95c3b45b7242e95b734664,
        type: 3}
      propertyPath: m_LocalPosition.z
      value: 1.148688
      objectReference: {fileID: 0}
    - target: {fileID: 5393383982077062068, guid: 60faa6b99a95c3b45b7242e95b734664,
        type: 3}
      propertyPath: m_LocalRotation.x
      value: -0
      objectReference: {fileID: 0}
    - target: {fileID: 5393383982077062068, guid: 60faa6b99a95c3b45b7242e95b734664,
        type: 3}
      propertyPath: m_LocalRotation.y
      value: -0
      objectReference: {fileID: 0}
    - target: {fileID: 5393383982077062068, guid: 60faa6b99a95c3b45b7242e95b734664,
        type: 3}
      propertyPath: m_LocalRotation.z
      value: -0
      objectReference: {fileID: 0}
    - target: {fileID: 5393383982077062068, guid: 60faa6b99a95c3b45b7242e95b734664,
        type: 3}
      propertyPath: m_LocalRotation.w
      value: 1
      objectReference: {fileID: 0}
    - target: {fileID: 5393383982077062068, guid: 60faa6b99a95c3b45b7242e95b734664,
        type: 3}
      propertyPath: m_RootOrder
      value: 11
      objectReference: {fileID: 0}
    - target: {fileID: 5393383982077062068, guid: 60faa6b99a95c3b45b7242e95b734664,
        type: 3}
      propertyPath: m_LocalEulerAnglesHint.x
      value: 0
      objectReference: {fileID: 0}
    - target: {fileID: 5393383982077062068, guid: 60faa6b99a95c3b45b7242e95b734664,
        type: 3}
      propertyPath: m_LocalEulerAnglesHint.y
      value: 0
      objectReference: {fileID: 0}
    - target: {fileID: 5393383982077062068, guid: 60faa6b99a95c3b45b7242e95b734664,
        type: 3}
      propertyPath: m_LocalEulerAnglesHint.z
      value: 0
      objectReference: {fileID: 0}
    - target: {fileID: 6736912401283469095, guid: 60faa6b99a95c3b45b7242e95b734664,
        type: 3}
      propertyPath: m_Name
      value: Pate et Rouleau
      objectReference: {fileID: 0}
    m_RemovedComponents: []
  m_SourcePrefab: {fileID: 100100000, guid: 60faa6b99a95c3b45b7242e95b734664, type: 3}
--- !u!4 &1664741121833503634 stripped
Transform:
  m_CorrespondingSourceObject: {fileID: 5393383982077062068, guid: 60faa6b99a95c3b45b7242e95b734664,
    type: 3}
  m_PrefabInstance: {fileID: 6756383585250517030}
  m_PrefabAsset: {fileID: 0}
--- !u!1001 &7000823444724136196
PrefabInstance:
  m_ObjectHideFlags: 0
  serializedVersion: 2
  m_Modification:
    m_TransformParent: {fileID: 4163048045398023244}
    m_Modifications:
    - target: {fileID: 2584973311009196203, guid: b1b56cd86cbd4e54f8fedd903340f943,
        type: 3}
      propertyPath: m_Name
      value: Table
      objectReference: {fileID: 0}
    - target: {fileID: 3656886662835692446, guid: b1b56cd86cbd4e54f8fedd903340f943,
        type: 3}
      propertyPath: m_LocalPosition.x
      value: 0.153
      objectReference: {fileID: 0}
    - target: {fileID: 3656886662835692446, guid: b1b56cd86cbd4e54f8fedd903340f943,
        type: 3}
      propertyPath: m_LocalPosition.z
      value: -0.859
      objectReference: {fileID: 0}
    - target: {fileID: 4574789046555799066, guid: b1b56cd86cbd4e54f8fedd903340f943,
        type: 3}
      propertyPath: m_LocalPosition.x
      value: 1.1931732
      objectReference: {fileID: 0}
    - target: {fileID: 4574789046555799066, guid: b1b56cd86cbd4e54f8fedd903340f943,
        type: 3}
      propertyPath: m_LocalPosition.y
      value: -2.1729646
      objectReference: {fileID: 0}
    - target: {fileID: 4574789046555799066, guid: b1b56cd86cbd4e54f8fedd903340f943,
        type: 3}
      propertyPath: m_LocalPosition.z
      value: 0.8505894
      objectReference: {fileID: 0}
    - target: {fileID: 4574789046555799066, guid: b1b56cd86cbd4e54f8fedd903340f943,
        type: 3}
      propertyPath: m_LocalRotation.x
      value: -0
      objectReference: {fileID: 0}
    - target: {fileID: 4574789046555799066, guid: b1b56cd86cbd4e54f8fedd903340f943,
        type: 3}
      propertyPath: m_LocalRotation.y
      value: -0
      objectReference: {fileID: 0}
    - target: {fileID: 4574789046555799066, guid: b1b56cd86cbd4e54f8fedd903340f943,
        type: 3}
      propertyPath: m_LocalRotation.z
      value: -0
      objectReference: {fileID: 0}
    - target: {fileID: 4574789046555799066, guid: b1b56cd86cbd4e54f8fedd903340f943,
        type: 3}
      propertyPath: m_LocalRotation.w
      value: 1
      objectReference: {fileID: 0}
    - target: {fileID: 4574789046555799066, guid: b1b56cd86cbd4e54f8fedd903340f943,
        type: 3}
      propertyPath: m_RootOrder
      value: 12
      objectReference: {fileID: 0}
    - target: {fileID: 4574789046555799066, guid: b1b56cd86cbd4e54f8fedd903340f943,
        type: 3}
      propertyPath: m_LocalEulerAnglesHint.x
      value: 0
      objectReference: {fileID: 0}
    - target: {fileID: 4574789046555799066, guid: b1b56cd86cbd4e54f8fedd903340f943,
        type: 3}
      propertyPath: m_LocalEulerAnglesHint.y
      value: 0
      objectReference: {fileID: 0}
    - target: {fileID: 4574789046555799066, guid: b1b56cd86cbd4e54f8fedd903340f943,
        type: 3}
      propertyPath: m_LocalEulerAnglesHint.z
      value: 0
      objectReference: {fileID: 0}
    m_RemovedComponents: []
  m_SourcePrefab: {fileID: 100100000, guid: b1b56cd86cbd4e54f8fedd903340f943, type: 3}
--- !u!4 &6799029930560345886 stripped
Transform:
  m_CorrespondingSourceObject: {fileID: 4574789046555799066, guid: b1b56cd86cbd4e54f8fedd903340f943,
    type: 3}
  m_PrefabInstance: {fileID: 7000823444724136196}
  m_PrefabAsset: {fileID: 0}
--- !u!1001 &7627331566546882515
PrefabInstance:
  m_ObjectHideFlags: 0
  serializedVersion: 2
  m_Modification:
    m_TransformParent: {fileID: 4163048045398023244}
    m_Modifications:
    - target: {fileID: 1100906143406897095, guid: 6d3a131e2a2bbf24e9299cfce670b179,
        type: 3}
      propertyPath: m_Name
      value: Potions et Parchemin
      objectReference: {fileID: 0}
    - target: {fileID: 3489685096744993578, guid: 6d3a131e2a2bbf24e9299cfce670b179,
        type: 3}
      propertyPath: m_LocalPosition.x
      value: 0.7675343
      objectReference: {fileID: 0}
    - target: {fileID: 3489685096744993578, guid: 6d3a131e2a2bbf24e9299cfce670b179,
        type: 3}
      propertyPath: m_LocalPosition.y
      value: -2.8017542
      objectReference: {fileID: 0}
    - target: {fileID: 3489685096744993578, guid: 6d3a131e2a2bbf24e9299cfce670b179,
        type: 3}
      propertyPath: m_LocalPosition.z
      value: 1.1966801
      objectReference: {fileID: 0}
    - target: {fileID: 3489685096744993578, guid: 6d3a131e2a2bbf24e9299cfce670b179,
        type: 3}
      propertyPath: m_LocalRotation.x
      value: -0
      objectReference: {fileID: 0}
    - target: {fileID: 3489685096744993578, guid: 6d3a131e2a2bbf24e9299cfce670b179,
        type: 3}
      propertyPath: m_LocalRotation.y
      value: -0
      objectReference: {fileID: 0}
    - target: {fileID: 3489685096744993578, guid: 6d3a131e2a2bbf24e9299cfce670b179,
        type: 3}
      propertyPath: m_LocalRotation.z
      value: -0
      objectReference: {fileID: 0}
    - target: {fileID: 3489685096744993578, guid: 6d3a131e2a2bbf24e9299cfce670b179,
        type: 3}
      propertyPath: m_LocalRotation.w
      value: 1
      objectReference: {fileID: 0}
    - target: {fileID: 3489685096744993578, guid: 6d3a131e2a2bbf24e9299cfce670b179,
        type: 3}
      propertyPath: m_RootOrder
      value: 10
      objectReference: {fileID: 0}
    - target: {fileID: 3489685096744993578, guid: 6d3a131e2a2bbf24e9299cfce670b179,
        type: 3}
      propertyPath: m_LocalEulerAnglesHint.x
      value: 0
      objectReference: {fileID: 0}
    - target: {fileID: 3489685096744993578, guid: 6d3a131e2a2bbf24e9299cfce670b179,
        type: 3}
      propertyPath: m_LocalEulerAnglesHint.y
      value: 0
      objectReference: {fileID: 0}
    - target: {fileID: 3489685096744993578, guid: 6d3a131e2a2bbf24e9299cfce670b179,
        type: 3}
      propertyPath: m_LocalEulerAnglesHint.z
      value: 0
      objectReference: {fileID: 0}
    m_RemovedComponents: []
  m_SourcePrefab: {fileID: 100100000, guid: 6d3a131e2a2bbf24e9299cfce670b179, type: 3}
--- !u!4 &6463901029545233657 stripped
Transform:
  m_CorrespondingSourceObject: {fileID: 3489685096744993578, guid: 6d3a131e2a2bbf24e9299cfce670b179,
    type: 3}
  m_PrefabInstance: {fileID: 7627331566546882515}
  m_PrefabAsset: {fileID: 0}
